 Dungeon Crawl Stone Soup version 0.31-a0-331-geda263fcf1 (webtiles) character file.

Game seed: 14119075752272395671

437 quinnr the Sneak (level 7, -7/40 HPs)
             Began as a Tengu Warper on July 19, 2023.
             Killed from afar by a white imp (9 damage)
             ... with a puff of frost
             ... on level 5 of the Dungeon.
             The game lasted 00:08:46 (4638 turns).

quinnr the Sneak (Tengu Warper)                     Turns: 4638, Time: 00:08:47

Health: -7/40      AC:  5    Str: 12    XL:     7   Next: 1%
Magic:  11/11      EV: 14    Int: 21    God:
Gold:   171        SH:  5    Dex: 13    Spells: 5/10 levels left

rFire   . . .        a - +0 short sword
rCold   . . .        (no shield)
rNeg    . . .        b - +0 leather armour
rPois   .            (helmet restricted)
rElec   .            k - +0 cloak
rCorr   .            f - +0 pair of gloves
SInv    .            (boots unavailable)
Will    .....        u - amulet of reflection
Stlth   +++          I - +6 ring of intelligence
HPRegen 0.26/turn    Z - ring of wizardry
MPRegen 0.12/turn

%: reflection, wizardry (x1)
@: flying quickly and evasively, quick
A: beak, talons 3, nimble flight
a: no special abilities


You were on level 5 of the Dungeon.
You visited 1 branch of the dungeon, and saw 5 of its levels.

You collected 171 gold pieces.


Innate Abilities, Weirdness & Mutations

You have a beak for a mouth.
You have claws for feet.
Your magical nature lets you fly swiftly and evasively.


   Skills:
 - Level 2.0 Fighting
 - Level 2.1 Short Blades
 - Level 1.0 Throwing
 - Level 1.1 Armour
 - Level 2.1 Dodging
 + Level 4.9 Stealth
 - Level 2.3 Spellcasting
 + Level 4.7 Translocations
 + Level 0.8 Evocations


You had 5 spell levels left.
You knew the following spells:

 Your Spells              Type           Power      Damage    Failure   Level
t - Teleport Other        Tloc           22%        N/A       3%          3
B - Blink                 Tloc           44%        N/A       1%          2

Your spell library contained the following spells:

 Spells                   Type           Power      Damage    Failure   Level
 Lesser Beckoning         Tloc           44%        N/A       1%          2
 Sandblast                Erth           4%         2d4       8%          1
 Vhi's Electric Charge    Tloc/Air       24%        N/A       9%          3
 Manifold Assault         Tloc           22%        N/A       11%         4
 Passwall                 Tmut/Erth      1%         N/A       12%         2
 Stone Arrow              Conj/Erth      4%         3d7       22%         3

Inventory:

Hand Weapons
 a - a +0 short sword (weapon)
Missiles
 d - 3 boomerangs of dispersal {=f}
 g - 16 poisoned darts (quivered)
Armour
 b - a +0 leather armour (worn)
 f - a +0 pair of gloves (worn)
 k - a +0 cloak (worn)
Jewellery
 u - an amulet of reflection (around neck)
 I - a +6 ring of intelligence (left hand)
 Z - a ring of wizardry (right hand)
Wands
 s - a wand of roots (9)
Scrolls
 c - 2 scrolls of blinking
 h - 2 scrolls of teleportation {unknown}
 j - 2 scrolls of noise {unknown}
 l - a scroll of enchant armour {unknown}
 n - 2 scrolls of fear {unknown}
 o - a scroll of revelation {unknown}
 t - a scroll of fog {unknown}
Potions
 e - a potion of resistance
 i - a potion of haste {unknown}
 m - a potion of mutation
 p - a potion of might
 q - a potion of lignification {unknown}

Dungeon Overview and Level Annotations

Branches:
Dungeon (5/15)
 Temple: D:4-7

Altars:
Ashenzari
Trog

#.## #..# #### #.##
##... #..### #.?#
##...#####.###
##.....#.....##
##.............##
#...............#
#......@5<[.....#
#.........>.....#
#..........(.......#
#.).........((...###
##.............#...
##.....#.....######
#############


You could see a white imp.


Message History

Press: ? - help, Q - select action, (/) - cycle Shift-Dir - straight line, f/p - jelly
Aim: a jelly (severely wounded, very poisoned, 88% to hit)
You throw a poisoned dart. The poisoned dart hits the jelly.
The jelly is severely wounded.
The jelly hits you.
* * * LOW HITPOINT WARNING * * *
You are splashed with acid!
* * * LOW HITPOINT WARNING * * *
Unknown command.
You kill the jelly!
You have reached level 7!
Throw: 17 darts (poison)
Press: ? - help, Q - select action, (/) - cycle Shift-Dir - straight line, f - white imp
Aim: a white imp (54% to hit)
You throw a poisoned dart. The poisoned dart hits the white imp.
Unknown command.
Unknown command.
You hit the white imp. Your kick misses the white imp.
The white imp is lightly wounded.
The white imp hits you.
* * * LOW HITPOINT WARNING * * *
The white imp freezes you.
* * * LOW HITPOINT WARNING * * *
You closely miss the white imp. Your kick misses the white imp.
The white imp is lightly wounded.
The white imp misses you.
It was a potion of magic.
Magic courses through your body. The white imp gestures at you.
The puff of frost hits you!
You die...

Skill      XL: |  1  2  3  4  5  6 |
---------------+-------------------+-----
Stealth        | 1 2 3 4 |  4.9
Translocations | 3 4 |  4.7
Fighting       | |  2.0
Short Blades   | |  2.1
Throwing       | |  1.0
Armour         | |  1.1
Dodging        | |  2.1
Spellcasting   | |  2.3
Evocations     | |  0.8

Action                     |  1- 3 |  4- 6 |  7- 9 || total
---------------------------+-------+-------+-------++-------
  Melee: Short sword       |    84 |   174 |     2 ||   260
         Kick              |    18 |    54 |       ||    72
         Peck              |     8 |    26 |       ||    34
         Punch             |       |     1 |       ||     1
  Throw: Boomerang         |     3 |     1 |       ||     4
         Dart              |       |    23 |     1 ||    24
   Cast: Teleport Other    |       |     4 |       ||     4
    Use: Potion            |     1 |     1 |     1 ||     3
         Scroll            |       |     2 |       ||     2
   Stab: Sleeping          |       |    10 |       ||    10
 Armour: Leather armour    |    22 |    32 |       ||    54
  Dodge: Dodged            |    46 |   102 |     1 ||   149

Levels and vault maps discovered:
D:1:      wander_arrival_desolate, layout_basic, basic_ecumenical_altar
D:2:      layout_loops_ring, serial_shops, shop, minmay_liquid_box, uniq_jessica
D:3:      cheibrodos_helix_gallery, layout_basic, evilmike_ruin_ashenzari,
          mainiacjoe_overflow_24_doors, nicolae_titane
D:4:      layout_loops_ring
D:5:      layout_rooms, fedhas_ov_isle_minmay

Notes
Turn   | Place    | Note
-------+----------+-------------------------------------------
     0 | D:1      | quinnr the Tengu Warper began the quest for the Orb.
     0 | D:1      | Reached XP level 1. HP: 12/12 MP: 4/4
    99 | D:1      | Reached XP level 2. HP: 11/17 MP: 6/6
   139 | D:1      | Learned a level 2 spell: Blink
   292 | D:1      | Found a faded altar of an unknown god.
   629 | D:2      | Reached skill level 1 in Stealth
   663 | D:2      | Noticed Jessica
   690 | D:2      | Reached XP level 3. HP: 10/21 MP: 7/7
   748 | D:2      | Reached skill level 3 in Translocations
   914 | D:2      | Killed Jessica
   915 | D:2      | Reached skill level 2 in Stealth
   915 | D:2      | Reached XP level 4. HP: 26/26 MP: 8/8
  1113 | D:2      | Learned a level 3 spell: Teleport Other
  1115 | D:2      | Found Ruetauv's Assorted Antiques.
  2020 | D:1      | Found a faded altar of an unknown god.
  2576 | D:3      | Found a broken altar of Ashenzari.
  2763 | D:3      | Found a bloodstained altar of Trog.
  2950 | D:3      | Noticed a scorpion
  2992 | D:3      | Identified a potion of resistance
  3095 | D:4      | Reached skill level 3 in Stealth
  3095 | D:4      | Gained mutation: Your magical nature lets you fly swiftly
                  | and evasively. [Tengu growth]
  3095 | D:4      | Reached XP level 5. HP: 22/30 MP: 9/9
  3379 | D:4      | Reached skill level 4 in Translocations
  3463 | D:5      | Entered Level 5 of the Dungeon
  3591 | D:4      | Reached XP level 6. HP: 25/35 MP: 10/10
  3758 | D:4      | Reached skill level 4 in Stealth
  4635 | D:5      | Reached XP level 7. HP: 7/40 MP: 11/11
  4636 | D:5      | HP: 1/40 [white imp (5)]
  4638 | D:5      | Killed from afar by a white imp

Vanquished Creatures
  A phantom (D:4)
  2 scorpions
  A hound (D:4)
  A jelly (D:5)
  Jessica (D:2)
  An iguana (D:5)
  3 adders (D:3)
  A gnoll (D:4)
  4 worms
  3 dart slugs
  2 orcs
  4 endoplasms
  2 giant cockroaches (D:4)
  13 goblins
  6 hobgoblins
  5 jackals
  6 kobolds
  6 quokkas
  6 ball pythons
  5 bats
  5 frilled lizards
  4 rats
82 creatures vanquished.

Table legend: (Time is in decaauts)
 A = Elapsed time spent in this place.
 B = Non-inter-level travel time spent in this place.
 C = Inter-level travel time spent in this place.
 D = Time resting spent in this place.
 E = Time spent auto-exploring this place.
 F = Levels seen in this place.
 G = Mean time per level.
                   A        B        C        D        E       F      G
               +--------+--------+--------+--------+--------+-----+--------+
         Total |   4510 |   4300 |    210 |    138 |   3287 |   5 |  902.0 |
       Dungeon |   4510 |   4300 |    210 |    138 |   3287 |   5 |  902.0 |
               +--------+--------+--------+--------+--------+-----+--------+

Top non-repeatable levels by time:
     D:1: 1566 daAuts
     D:4: 1035 daAuts
     D:3: 972 daAuts
     D:2: 850 daAuts
     D:5: 86 daAuts

Table legend:
 A = Non-vault XP
 B = Vault XP
 C = Vault XP percentage of total XP
 D = Non-vault monster count
 E = Vault monster count
 F = Vault count percentage of total count
                 A         B        C        D         E       F
            +---------+---------+-------+---------+---------+-------
      Total |     492 |     133 |  21.3 |      79 |       3 |   3.7
            +---------+---------+-------+---------+---------+-------
        D:1 |      47 |       0 |   0.0 |      25 |       0 |   0.0
        D:2 |      23 |      37 |  61.7 |      12 |       1 |   7.7
        D:3 |      60 |      96 |  61.5 |      14 |       2 |  12.5
        D:4 |     286 |       0 |   0.0 |      26 |       0 |   0.0
        D:5 |      76 |       0 |   0.0 |       2 |       0 |   0.0
            +---------+---------+-------+---------+---------+-------

Levels and vault maps discovered:
D:1:      wander_arrival_desolate, layout_basic, basic_ecumenical_altar
D:2:      layout_loops_ring, serial_shops, shop, minmay_liquid_box, uniq_jessica
D:3:      cheibrodos_helix_gallery, layout_basic, evilmike_ruin_ashenzari,
          mainiacjoe_overflow_24_doors, nicolae_titane
D:4:      layout_loops_ring
D:5:      layout_rooms, fedhas_ov_isle_minmay
